 Dungeon Crawl Stone Soup version 0.25.0-9-g26727b657a (webtiles) character file.

Game seed: 14593127004688805849

5980 Patate the Fighter (level 10, -1/107 HPs)
             Began as a Troll Hunter on June 21, 2020.
             Was a Priest of Makhleb.
             Slain by a vampire (6 damage)
             ... on level 9 of the Dungeon.
             The game lasted 00:28:09 (8150 turns).

Patate the Fighter (Troll Hunter)                   Turns: 8150, Time: 00:28:10

Health: -1/107     AC: 10    Str: 21 (22) XL:     10   Next: 55%
Magic:  0/9        EV: 13    Int:  5 (7)  God:    Makhleb [***...]
Gold:   725        SH:  0    Dex: 12 (13) Spells: 9/9 levels left

rFire    . . .     SeeInvis .   (no weapon)
rCold    . . .     Gourm    +   (no shield)
rNeg     . . .     Faith    .   b - +1 robe
rPois    +         Spirit   +   (helmet restricted)
rElec    .         Reflect  .   y - +2 cloak
rCorr    .         Harm     .   (gloves unavailable)
MR       .....                  (boots unavailable)
Stlth    ++........             w - amulet of guardian spirit
HPRegen  0.67/turn              m - +4 ring of slaying
MPRegen  0.11/turn              r - ring of poison resistance

@: stab, lightly drained
A: large, unfitting armour, claws 3, fast metabolism 3, gourmand, regeneration
1, shaggy fur 1, tough skin 3
a: Minor Destruction, Lesser Servant of Makhleb, Renounce Religion


You were on level 9 of the Dungeon.
You worshipped Makhleb.
Makhleb was most pleased with you.
You were not hungry.

You visited 2 branches of the dungeon, and saw 10 of its levels.
You also visited: Sewer.

You collected 747 gold pieces.
You spent 22 gold pieces at shops.

Inventory:

Armour
 b - a +1 robe (worn)
 y - a +2 cloak (worn)
Jewellery
 m - a +4 ring of slaying (left claw)
 r - a ring of poison resistance (right claw)
 w - an amulet of guardian spirit (around neck)
 B - an uncursed ring of protection from cold
Wands
 g - a wand of iceblast (4)
 s - a wand of enslavement (7)
 u - a wand of disintegration (25)
 A - a wand of acid (9)
Scrolls
 h - 2 scrolls of teleportation
 k - 2 scrolls of enchant armour
 p - 2 scrolls of remove curse
 t - 3 scrolls of amnesia
Potions
 a - 4 potions of curing
 e - a potion of ambrosia
 i - a potion of lignification
 n - a potion of flight
 o - 4 potions of brilliance
 v - 3 potions of stabbing
 z - 3 potions of haste {unknown}
Comestibles
 f - 14 rations


   Skills:
 * Level 9.5 Fighting
 + Level 8.3(8.2) Throwing
 + Level 6.9(6.8) Dodging
 - Level 0.9 Stealth


You had 9 spell levels left.
You didn't know any spells.
Your spell library was empty.

Dungeon Overview and Level Annotations

Branches:
Dungeon (9/15)             Temple (1/1) D:4           Sewer (visited)
   Lair: D:8-11         Orc: D:9-12

Altars:
Ashenzari
Cheibriados
Dithmenos
Fedhas
Gozag
Hepliaklqana
Kikubaaqudgha
Makhleb
Nemelex Xobeh
Okawaru
Qazlal
Ru
Sif Muna
Trog
Uskayaw
Vehumet
Wu Jian
Xom
Yredelemnul
Zin
The Shining One

Shops:
D:5 ?

Annotations:
D:8 1 runed translucent door, Asparus's ghost, journeyman DEAE


Innate Abilities, Weirdness & Mutations

You are too large for most types of armour.
You have claws for hands.
Your metabolism is lightning-fast.
You like to eat raw meat.
Your natural rate of healing is unusually fast.
You are covered in fur. (AC +1)
You have extremely tough skin. (AC +3)


Message History

* * * LOW HITPOINT WARNING * * *
It was a potion of cancellation.
You feel magically purged. Something hits you.
* * * LOW HITPOINT WARNING * * *
Something barely misses you.
You scratch something but do no damage. Something hits you but does no damage.
Something bites you.
* * * LOW HITPOINT WARNING * * *
Something draws strength from your injuries!
You scratch something but do no damage.
You hear some strange, mumbled words.
Something tries to affect you, but you resist.
It was a potion of stabbing.
You feel ready to backstab. Something hits you.
* * * LOW HITPOINT WARNING * * *
Something bites you.
* * * LOW HITPOINT WARNING * * *
Something draws strength from your injuries!
You closely miss something. Something hits you.
You die...

.......
....... ##
......# ..#
......# ##.#
......# #...
(.....#
#..##......#
#..@......^#
#..#{..#.###
#......# #
#......#.#
#.#......#
#)......(.
#<ยง.....###
#.(...#.#
#.###.# #


There were no monsters in sight!

Vanquished Creatures
  Harold (D:8)
  Pikel (D:5)
  An ugly thing (D:8)
  Maggie (D:6)
  Grinder (D:6)
  A hungry ghost (D:8)
  4 orc warriors
  An ice beast (D:8)
  A sky beast (D:5)
  8 ogres
  A black bear (D:8)
  3 centaurs (D:7)
  6 big kobolds
  2 bullfrogs
  A scorpion (D:8)
  A howler monkey (D:7)
  A wight (D:8)
  2 crimson imps
  A bullfrog zombie (D:8)
  A centaur zombie (D:5)
  A quasit (D:5)
  2 jellies (D:8)
  Crazy Yiuf (D:6)
  6 orc priests
  2 gnoll shamans
  7 hounds
  10 orc wizards
  Ijyb (D:5)
  4 iguanas
  4 worker ants
  A killer bee zombie (D:6)
  A howler monkey skeleton (D:6)
  8 adders
  11 gnolls
  2 shadow imps
  An ooze (D:3)
  A worm (D:5)
  A dart slug (D:2)
  3 leopard geckos
  17 orcs
  5 ball pythons
  4 bats
  4 giant cockroaches
  2 goblins
  10 hobgoblins
  8 jackals
  38 kobolds
  7 quokkas
  11 frilled lizards
  9 rats
221 creatures vanquished.

Vanquished Creatures (others)
  5 plants (D:8)
5 creatures vanquished.

Grand Total: 226 creatures vanquished

Notes
Turn   | Place    | Note
-------+----------+-------------------------------------------
     0 | D:1      | Patate the Troll Hunter began the quest for the Orb.
     0 | D:1      | Reached XP level 1. HP: 19/19 MP: 0/0
   153 | D:1      | Reached XP level 2. HP: 28/28 MP: 1/1
   507 | D:2      | Found a faded altar of an unknown god.
   728 | D:2      | Found a bloodstained altar of Trog.
   866 | D:2      | Reached skill level 2 in Fighting
   866 | D:2      | Reached XP level 3. HP: 29/35 MP: 2/2
  1313 | D:3      | Reached XP level 4. HP: 33/44 MP: 3/3
  1794 | D:3      | Reached XP level 5. HP: 52/52 MP: 4/4
  1907 | D:4      | Noticed an ogre
  1913 | D:4      | Killed an ogre
  1913 | D:4      | Reached skill level 3 in Fighting
  1924 | D:4      | Found a shattered altar of Ashenzari.
  2023 | D:4      | Found a staircase to the Ecumenical Temple.
  2054 | Temple   | Entered the Ecumenical Temple
  2278 | Temple   | Became a worshipper of Makhleb the Destroyer
  2320 | D:4      | Reached XP level 6. HP: 59/61 MP: 5/5
  2740 | D:5      | Entered Level 5 of the Dungeon
  2740 | D:5      | Noticed Ijyb
  2741 | D:5      | Killed Ijyb
  2741 | D:5      | Reached skill level 4 in Fighting
  2832 | D:5      | Found Fyumanus's Magic Scroll Shoppe.
  2861 | D:5      | Bought a scroll of identify for 22 gold pieces
  2888 | D:5      | Reached XP level 7. HP: 64/71 MP: 6/6
  2932 | D:5      | Reached skill level 5 in Throwing
  3064 | D:5      | Reached * piety under Makhleb
  3077 | D:5      | Noticed Pikel
  3392 | D:5      | Reached skill level 5 in Fighting
  3570 | D:5      | Killed Pikel
  3570 | D:5      | Reached skill level 6 in Fighting
  3570 | D:5      | Reached XP level 8. HP: 45/83 MP: 7/7
  3899 | D:6      | Found a glowing drain.
  4124 | D:6      | Found an ornate altar of the Wu Jian Council.
  4196 | D:6      | Found a runed translucent door.
  4197 | D:6      | Noticed Crazy Yiuf
  4244 | D:6      | Noticed Maggie
  4266 | D:6      | Killed Maggie
  4266 | D:6      | Reached skill level 7 in Fighting
  4266 | D:6      | Reached skill level 5 in Dodging
  4266 | D:6      | Reached XP level 9. HP: 48/93 MP: 8/8
  4458 | Sewer    | Entered a sewer
  4480 | Sewer    | Reached ** piety under Makhleb
  5066 | D:6      | Noticed Grinder
  5088 | D:6      | Killed Grinder
  5296 | D:6      | Killed Crazy Yiuf
  5680 | D:7      | Reached *** piety under Makhleb
  5688 | D:7      | Found an ancient bone altar of Kikubaaqudgha.
  5688 | D:7      | Found a shimmering blue altar of Sif Muna.
  5697 | D:7      | Found a glowing golden altar of the Shining One.
  5700 | D:7      | Found a faded altar of an unknown god.
  5702 | D:7      | Found a sacrificial altar of Ru.
  5758 | D:7      | Reached skill level 8 in Fighting
  6715 | D:8      | Reached XP level 10. HP: 105/106 MP: 7/9
  6764 | D:8      | Noticed Harold
  6776 | D:8      | Killed Harold
  6776 | D:8      | Reached skill level 9 in Fighting
  6816 | D:8      | Found a snail-covered altar of Cheibriados.
  6862 | D:8      | Found a blossoming altar of Fedhas.
  7170 | D:8      | Found a runed translucent door.
  7172 | D:8      | Identified the +9 trident of Juafag {freeze, rC++ Str+4
                  | Int-4 SInv}
  7174 | D:8      | Noticed Asparus's ghost (journeyman DEAE)
  7365 | D:9      | Found a shimmering altar of Xom.
  7794 | D:9      | Noticed a cyan ugly thing
  7824 | D:8      | Killed a cyan ugly thing
  7952 | D:9      | HP: 5/107 [something/vampiric draining (15)]
  7953 | D:9      | HP: 1/107 [something/vampiric draining (4)]
  8149 | D:9      | HP: 4/107 [something (5)]
  8150 | D:9      | Slain by a vampire

Illustrated notes

Levels and vault maps discovered:
D:1:      onia_arrival_pyramid, layout_basic
D:2:      layout_loops_ring, old_standard_altar,
          chequers_ecumenical_altar_simple_redux
D:3:      layout_loops_ring, first_ration, minmay_misc_feat_cross
D:4:      layout_loops_ring, cheibrodos_ashenzari_chains,
          minmay_temple_entry_large_hall
D:5:      minmay_chambers_of_fours, layout_rooms,
          nicolae_overflow_hidden_temple, serial_shops, shop, corner_web_ring,
          uniq_pikel, uniq_ijyb
D:6:      layout_rooms, lemuel_coloured_pillars_altar, gup_sewer_entry_glass,
          uniq_grinder, uniq_maggie, uniq_crazy_yiuf_cottage
D:7:      kennysheep_housing_project, layout_rooms,
          chequers_temple_overflow_minitemple
D:8:      layout_cave_pools, gammafunk_temple_overflow_pools,
          ebering_ghost_funeral_grove, grunt_ministairs_15, uniq_harold
D:9:      cheibrodos_shockbox, layout_basic, xom_confusion_cloud
Temple:   minmay_temple_curvy_loop

Skill      XL: |  1  2  3  4  5  6  7  8  9 10 |
---------------+-------------------------------+-----
Dodging        | 2 3 4 5 6 |  6.9
Fighting       | 2 3 4 6 7 8 9 |  9.5
Throwing       | 4 5 6 7 8 |  8.3
Stealth        | |  0.9

Action                   |  1- 3 |  4- 6 |  7- 9 | 10-12 || total
-------------------------+-------+-------+-------+-------++-------
Melee: Unarmed           |   104 |   123 |   414 |   179 ||   820
       Short sword       |     2 |       |       |       ||     2
Throw: Large rock        |       |     9 |    18 |    10 ||    37
       Boomerang         |       |       |    14 |       ||    14
       Throwing net      |       |       |     2 |     8 ||    10
  Use: Scroll            |     4 |     6 |    11 |     1 ||    22
       Potion            |       |       |     1 |     7 ||     8
 Stab: Sleeping          |     2 |     1 |     2 |       ||     5
       Held in net/web   |       |       |       |     3 ||     3
  Eat: Chunk             |    14 |    18 |    37 |     8 ||    77
       Ration            |       |       |       |     1 ||     1
Armor: Robe              |    39 |    41 |   135 |   122 ||   337
Dodge: Dodged            |    47 |    71 |   243 |   193 ||   554
